 Dungeon Crawl Stone Soup version 0.23-a0-458-g93a6ea9 (webtiles) character file.

3694 Amnesiac the Jinx (level 9, -2/39 HPs)
             Began as a Spriggan Enchanter on Nov 25, 2018.
             Was an Initiate of Gozag.
             Slain by a freezing wraith (16 damage)
             ... led by a death knight
             ... on level 8 of the Dungeon.
             The game lasted 00:20:02 (7854 turns).

Amnesiac the Jinx (Spriggan Enchanter)              Turns: 7854, Time: 00:20:02

Health: -2/39      AC:  3    Str:  4    XL:     9   Next: 90%
Magic:  5/22       EV: 24    Int: 20    God:    Gozag
Gold:   536        SH:  0    Dex: 16    Spells: 13/24 levels left

rFire    . . .     SeeInvis +   a - +2 dagger
rCold    . . .     Gourm    .   (shield restricted)
rNeg     . . .     Faith    .   p - +1 robe
rPois    .         Spirit   .   (helmet restricted)
rElec    .         Reflect  .   (no cloak)
rCorr    .         Harm     .   (gloves unavailable)
MR       +....                  (boots unavailable)
Stlth    ++++++....             e - amulet of magic regeneration
HPRegen  0.13/turn              c - ring of stealth
MPRegen  0.43/turn              v - ring of stealth

@: gold aura, slowed, quick
A: very small, unfitting armour, see invisible, herbivore, speed 3, slow
metabolism 2
a: Potion Petition, Call Merchant, Bribe Branch, Renounce Religion


You were on level 8 of the Dungeon.
You worshipped Gozag.
Gozag was pleased with you.
You were not hungry.

You visited 2 branches of the dungeon, and saw 9 of its levels.
You also visited: Sewer.

You collected 1251 gold pieces.
You spent 603 gold pieces at shops.
You paid 112 gold pieces to Gozag.

Inventory:

Hand Weapons
 a - a +2 dagger (weapon)
 b - a +0 scimitar
Missiles
 D - 3 throwing nets (quivered)
Armour
 p - a +1 robe (worn)
Jewellery
 c - a ring of stealth (left hand)
 e - an amulet of magic regeneration (around neck)
 m - an uncursed ring of protection from magic
 v - a ring of stealth (right hand)
 z - an uncursed ring of resist corrosion
Wands
 f - a wand of enslavement (10)
 A - a wand of random effects (34)
 E - a wand of iceblast (10)
Scrolls
 h - 3 scrolls of amnesia {!r}
 j - 5 scrolls of remove curse {!r}
 q - 2 scrolls of magic mapping {!r}
 r - 2 scrolls of enchant armour {!r}
 u - 3 scrolls of teleportation {!r}
 y - 2 scrolls of fear {!r}
 B - a scroll of blinking {!r}
 H - a scroll of identify {!r}
Potions
 g - a potion of flight {!q}
 i - 2 potions of curing {!q}
 k - a potion of might {!q}
 l - 3 potions of lignification {!q}
 n - 3 potions of heal wounds {!q}
 o - a potion of haste {!q}
 s - a potion of resistance {!q}
 t - a potion of invisibility {!q}
 w - a potion of agility {!q}
 x - a potion of ambrosia {!q}
 C - a potion of magic {!q}
 F - a potion of mutation {!q}
 G - a potion of brilliance {!q, unknown}
Comestibles
 d - 12 rations


   Skills:
 - Level 8.0 Short Blades
 + Level 8.6 Dodging
 - Level 8.0 Stealth
 - Level 8.0 Spellcasting
 - Level 10.0 Hexes


You had 13 spell levels left.
You knew the following spells:

 Your Spells              Type           Power        Failure   Level  Hunger
a - Ensorcelled Hibernat  Hex/Ice        ####..       1%          2    None
d - Dazzling Spray        Conj/Hex       ####..       3%          3    None
e - Confuse               Hex            #####...     1%          3    None
w - Tukima's Dance        Hex            #####...     1%          3    None

Your spell library contained the following spells:

 Spells                   Type           Power        Failure   Level  Hunger
 Corona                   Hex            #####..      1%          1    None


Dungeon Overview and Level Annotations

Branches:
Dungeon (8/15)             Temple (1/1) D:4
   Lair: D:8-11

Altars:
Ashenzari
Dithmenos
Elyvilon
Fedhas
Gozag
Hepliaklqana
Makhleb
Nemelex Xobeh
Okawaru
Qazlal
Ru
Sif Muna
Trog
Uskayaw
Vehumet
Wu Jian
Xom
Yredelemnul
Zin

Shops:
D:7 !****


Innate Abilities, Weirdness & Mutations

You are very small and have problems with some larger weapons.
You are too small for most types of armour.
You have supernaturally acute eyesight. (SInv)
You are a herbivore.
You cover ground extremely quickly.
You need to consume almost no food.


Message History

Aim: a wraith (chance to defeat MR: 37%)
The wraith easily resists.
The wraith hits you! The wraith drains your vigour!
You feel yourself slow down.
Unknown command.
Casting: Confuse (safe; 1% risk of failure)
Confirm with . or Enter, or press ? or * to list all spells.
Aiming: Confuse (safe; 1% risk of failure)
Press: ? - help, Shift-Dir - straight line, f/p - wraith
Aim: a wraith (chance to defeat MR: 37%)
The wraith appears confused.
The wraith completely misses you.
The wraith hits the freezing wraith.
The wraith drains the freezing wraith's vigour!
The freezing wraith seems to slow down.
Unknown command.
You catch the helpless wraith completely off-guard!
You impale the wraith!!
The wraith is almost destroyed.
You catch the helpless wraith completely off-guard!
You impale the wraith!!
You destroy the wraith!
Casting: Confuse (safe; 1% risk of failure)
Confirm with . or Enter, or press ? or * to list all spells.
Aiming: Confuse (safe; 1% risk of failure)
Press: ? - help, Shift-Dir - straight line, f - freezing wraith
Aim: a freezing wraith (lightly damaged, slow, chance to defeat MR: 54%)
The freezing wraith appears confused.
The freezing wraith closely misses the orc.
The freezing wraith hits the orc.
The freezing wraith drains the orc's vigour!
The orc seems to slow down.
Unknown command.
The freezing wraith barely misses you.
The freezing wraith completely misses you.
You see here 6 gold pieces.
You hit the freezing wraith but do no damage.
The freezing wraith is lightly damaged.
The freezing wraith closely misses you. The freezing wraith hits you.
The freezing wraith drains your vigour!
You feel as though you will be slow longer.
You hit the freezing wraith but do no damage.
The freezing wraith is lightly damaged.
You hit the freezing wraith but do no damage.
The freezing wraith is lightly damaged.
The freezing wraith hits the orc.
The freezing wraith freezes the orc!
The orc is killed!
You hit the freezing wraith but do no damage.
The freezing wraith is lightly damaged.
You hit the freezing wraith but do no damage.
The freezing wraith is lightly damaged.
The freezing wraith closely misses you.
The freezing wraith hits you but does no damage.
You hit the freezing wraith but do no damage.
The freezing wraith is lightly damaged.
The freezing wraith is no longer moving slowly.
Things that are here:
6 gold pieces; a +0 mace; a +0 leather armour You catch the helpless freezing wraith completely off-guard!
You impale the freezing wraith!!
The freezing wraith is severely damaged.
The freezing wraith hits you!
* * * LOW HITPOINT WARNING * * *
The freezing wraith freezes you!
You die...
Your body crumbles into a pile of gold.

.....###..$........# ###
#...$$W.....#
#....$......#
##########..............
........##......####....
........###.##### ....
........# #.# ...
........# #W# ..
........###@#
..........#.#
#.........#.#$#
.........#.#'#####
........#.......#
#...#+###.......#
#...#.###.......#
#...#.....#'#####
#...#.....#.#


You could see a freezing wraith (confused).

Vanquished Creatures
  Harold (D:7)
  Sigmund (D:2)
  A wraith (D:8)
  A water moccasin (D:7)
  Duvessa (D:4)
  2 orc warriors
  A sky beast (D:5)
  4 ogres
  A phantom (D:7)
  3 bullfrogs
  Dowan (D:4)
  A scorpion (D:6)
  3 wights (D:8)
  3 howler monkeys
  3 crimson imps
  3 bullfrog zombies
  2 jellies (D:6)
  A hound (D:8)
  A centaur skeleton (D:4)
  7 orc wizards
  3 orc priests
  A bullfrog skeleton (D:4)
  An iguana (D:4)
  Terence (D:3)
  4 worker ants
  A worker ant zombie (D:6)
  10 adders
  7 river rats (D:5)
  2 shadow imps (D:6)
  12 oozes (Sewer)
  An adder zombie (D:7)
  A worm (D:4)
  The ghost of Lavandula the Sneak, a weakling NaAE (D:3)
  15 leopard geckos
  23 orcs
  11 ball pythons
  18 giant cockroaches
  3 goblins
  4 hobgoblins
  6 jackals
  10 quokkas
  6 bats
  13 frilled lizards
  A jackal skeleton (D:7)
  7 kobolds
  A leopard gecko skeleton (D:5)
  A quokka zombie (D:7)
  27 rats
232 creatures vanquished.

Vanquished Creatures (collateral kills)
  An ogre (D:3)
1 creature vanquished.

Grand Total: 233 creatures vanquished

Notes
Turn   | Place    | Note
-------+----------+-------------------------------------------
     0 | D:1      | Amnesiac the Spriggan Enchanter began the quest for the
                  | Orb.
     0 | D:1      | Reached XP level 1. HP: 9/9 MP: 5/5
   163 | D:1      | Reached skill level 4 in Hexes
   163 | D:1      | Reached XP level 2. HP: 10/13 MP: 5/7
   265 | D:1      | Learned a level 2 spell: Ensorcelled Hibernation
   462 | D:5      | Entered Level 5 of the Dungeon
   634 | D:5      | Noticed a crimson imp
   656 | D:5      | Reached XP level 3. HP: 16/16 MP: 3/8
   661 | D:5      | Learned a level 3 spell: Confuse
   689 | D:5      | Reached skill level 5 in Stealth
   762 | D:5      | Reached XP level 4. HP: 21/21 MP: 6/11
   944 | D:5      | Found a blossoming altar of Fedhas.
   974 | D:5      | Noticed a sky beast
   984 | D:5      | Killed a sky beast
   984 | D:5      | Reached XP level 5. HP: 24/24 MP: 7/12
  1004 | D:5      | Reached XP level 6. HP: 28/28 MP: 5/13
  1123 | D:5      | Found a glowing drain.
  1130 | Sewer    | Entered a sewer
  1171 | Sewer    | Learned a level 3 spell: Tukima's Dance
  1175 | Sewer    | Learned a level 3 spell: Dazzling Spray
  1875 | Sewer    | Reached skill level 5 in Spellcasting
  1875 | Sewer    | Reached skill level 5 in Hexes
  1875 | Sewer    | Reached XP level 7. HP: 32/32 MP: 7/15
  2096 | D:4      | Found a sparkling altar of Nemelex Xobeh.
  2201 | D:4      | Found a staircase to the Ecumenical Temple.
  2252 | Temple   | Entered the Ecumenical Temple
  2438 | Temple   | Became a worshipper of Gozag Ym Sagoz the Greedy
  3204 | D:2      | Noticed Sigmund
  3211 | D:2      | Killed Sigmund
  3227 | D:2      | Found a faded altar of an unknown god.
  3529 | D:3      | Found a transporter.
  3530 | D:3      | Noticed Lavandula's ghost (weakling NaAE)
  3733 | D:3      | Reached skill level 5 in Short Blades
  3862 | D:3      | Noticed Terence
  3878 | D:3      | Killed Terence
  4355 | D:3      | Identified the cursed +0 great mace of Honour {protect,
                  | *Slow rElec Str+6 Stlth+}
  4363 | D:3      | Found a transporter.
  4380 | D:3      | Killed Lavandula's ghost
  4392 | D:3      | Reached XP level 8. HP: 36/36 MP: 7/20
  4741 | D:4      | Noticed Duvessa
  4742 | D:4      | Noticed Dowan
  4748 | D:4      | Killed Duvessa
  4753 | D:4      | Killed Dowan
  5740 | D:6      | Reached skill level 6 in Hexes
  6070 | D:6      | Reached XP level 9. HP: 29/39 MP: 2/22
  6189 | D:6      | Reached skill level 7 in Hexes
  6649 | D:7      | Reached skill level 5 in Dodging
  6782 | D:7      | Found Erphaw's Assorted Antiques.
  6790 | D:7      | Bought a scroll labeled ZUERUUFR GOUR for 26 gold pieces
  6790 | D:7      | Bought a scroll labeled ZUERUUFR GOUR for 26 gold pieces
  6816 | D:7      | Found Utsoig's Assorted Antiques.
  6819 | D:7      | Bought a scroll labeled MAQADGH TEKHLA for 29 gold pieces
  6819 | D:7      | Bought a scroll labeled CINTAEPPAW for 29 gold pieces
  6819 | D:7      | Bought a scroll labeled MAQADGH TEKHLA for 29 gold pieces
  6982 | D:7      | Noticed Harold
  6988 | D:7      | Found Wuotofux's Distillery.
  6991 | D:7      | Bought a potion of flight for 39 gold pieces
  6991 | D:7      | Bought a potion of might for 52 gold pieces
  6991 | D:7      | Bought a potion of resistance for 130 gold pieces
  6991 | D:7      | Bought a potion of ambrosia for 104 gold pieces
  7005 | D:7      | Killed Harold
  7005 | D:7      | Reached skill level 9 in Hexes
  7244 | D:7      | Found Kaecw's General Store.
  7261 | D:7      | Bought a potion of curing for 45 gold pieces
  7289 | D:7      | Found Pukloum's Assorted Antiques.
  7292 | D:7      | Bought a viscous pink potion for 22 gold pieces
  7292 | D:7      | Bought a glowing golden potion for 22 gold pieces
  7292 | D:7      | Bought a scroll of identify for 50 gold pieces
  7397 | D:7      | Found a glowing silver altar of Zin.
  7637 | D:8      | Found a shadowy altar of Dithmenos.
  7762 | D:8      | Noticed a freezing wraith
  7780 | D:8      | Reached skill level 10 in Hexes
  7812 | D:8      | Noticed a freezing wraith
  7854 | D:8      | Slain by a freezing wraith

Vault maps used:
D:1:      shiori_arrival_oz, serial_rivers, chequers_serial_rivers_marsh,
          chequers_serial_rivers_micro_d, chequers_serial_rivers_micro_c,
          chequers_serial_rivers_micro_b, chequers_serial_rivers_micro_b,
          minivault_11
D:2:      chequers_ecumenical_altar_island, serial_forest,
          infiniplex_forest_lined_2, infiniplex_forest_lined_ring,
          infiniplex_forest_clump_double, infiniplex_forest_straight_2,
          infiniplex_forest_lined_1, infiniplex_forest_clump_small,
          infiniplex_forest_corner_1, infiniplex_forest_zigzag_2,
          infiniplex_forest_straight_2, minmay_tromino_v7, uniq_sigmund
D:3:      gammafunk_ghost_smash, uniq_terence
D:4:      old_standard_altar, minmay_temple_entry_ruins,
          chequers_serial_rivers_small_3, uniq_duvessa
D:5:      lemuel_ratsnest, lemuel_doored_altar, gup_sewer_entry_bubbles,
          first_ration, nrook_uturn
D:6:      corexii_leaking_fountain, kennysheep_donut
D:7:      overflow_temple_1_default, serial_shops, kennysheep_mini_moat,
          nicolae_shop_behind_doors, nicolae_shop_overgrown_old_shop,
          nicolae_shop_behind_doors, shop_fountains, uniq_harold
D:8:      grunt_dithmenos_smoke, grunt_pizzeria
Temple:   regret_index_temple_generic_petals
Sewer:    sewer_frog_island_02

Skill      XL: |  1  2  3  4  5  6  7  8  9 |
---------------+----------------------------+-----
Spellcasting   | 3 4 5 7 8 |  8.0
Hexes          | 4 5 6 10 | 10.0
Short Blades   | 2 3 4 5 8 |  8.0
Stealth        | 5 7 8 |  8.0
Dodging        | 4 8 |  8.6

Action                   |  1- 3 |  4- 6 |  7- 9 || total
-------------------------+-------+-------+-------++-------
Melee: Dagger            |    44 |   100 |   313 ||   457
 Cast: Corona            |     7 |       |       ||     7
       Ensorcelled Hiber |     8 |    46 |    94 ||   148
       Dazzling Spray    |       |    30 |    29 ||    59
       Confuse           |       |       |    38 ||    38
       Tukima's Dance    |       |       |     3 ||     3
  Use: Scroll            |       |     4 |    16 ||    20
       Potion            |       |     1 |       ||     1
 Stab: Sleeping          |    15 |    34 |    85 ||   134
       Confused          |       |       |    20 ||    20
       Invisible         |       |       |     2 ||     2
       Distracted        |       |       |     1 ||     1
  Eat: Ration            |       |     4 |     2 ||     6
Armor: Robe              |     2 |     5 |    14 ||    21
Dodge: Dodged            |    29 |   131 |   181 ||   341

Table legend:
 A = Non-vault XP
 B = Vault XP
 C = Vault XP percentage of total XP
 D = Non-vault monster count
 E = Vault monster count
 F = Vault count percentage of total count
                 A         B        C        D         E       F
            +---------+---------+-------+---------+---------+-------
      Total |    2975 |    2303 |  43.6 |     127 |     106 |  45.5
            +---------+---------+-------+---------+---------+-------
        D:1 |      27 |       4 |  12.9 |      19 |       2 |   9.5
        D:2 |      13 |     222 |  94.5 |       8 |       3 |  27.3
        D:3 |      47 |     275 |  85.4 |      14 |       4 |  22.2
        D:4 |     507 |     227 |  30.9 |      17 |       2 |  10.5
        D:5 |     519 |     281 |  35.1 |      18 |      39 |  68.4
        D:6 |     694 |       0 |   0.0 |      26 |       0 |   0.0
        D:7 |     573 |     981 |  63.1 |      12 |       1 |   7.7
        D:8 |     595 |       0 |   0.0 |      13 |       0 |   0.0
      Sewer |       0 |     313 | 100.0 |       0 |      55 | 100.0
            +---------+---------+-------+---------+---------+-------
